 Dungeon Crawl Stone Soup version 0.20.0-7-g3b7b877 (webtiles) character file.

2 Minion the Sneak (level 1, -14/16 HPs)
             Began as a Formicid Assassin on May 29, 2017.
             Demolished by a skeletal warrior
             ... wielding a +0 trident
             ... led by a skeletal warrior
              (19 damage)
             ... on level 14 of the Dungeon.
             The game lasted 00:05:00 (655 turns).

Minion the Sneak (Formicid Assassin)                 Turns: 655, Time: 00:05:01

Health: -14/16     AC:  3    Str: 15    XL:     1   Next: 44%
Magic:  1/1        EV: 11    Int: 10    God:
Gold:   98         SH:  0    Dex: 12    Spells: 0/0 levels left

rFire    . . .     SeeInvis +   a - +2 dagger
rCold    . . .     Gourm    .   (no shield)
rNeg     . . .     Faith    +   c - +0 robe
rPois    .         Spirit   .   (helmet unavailable)
rElec    .         Reflect  .   d - +0 cloak
rCorr    .         Harm     .   (no gloves)
MR       .....                  (no boots)
Stlth    +++.......             l - amulet of faith
Regen    0.1/turn               (no ring)
MPRegen  0.1/turn               (no ring)

@: starving
A: permanent stasis, dig shafts and tunnels, four strong arms, antennae 3
a: Dig, Shaft Self


You were on level 14 of the Dungeon.
You were starving.

You visited 1 branch of the dungeon, and saw 10 of its levels.

You collected 98 gold pieces.

Inventory:

Hand Weapons
 a - a +2 dagger (weapon)
 b - a +0 blowgun
Missiles
 e - 8 poisoned needles
 f - 2 curare-tipped needles
Armour
 c - a +0 robe (worn)
 d - a +0 cloak (worn)
Jewellery
 l - an amulet of faith (around neck)
Scrolls
 k - 2 scrolls of remove curse {unknown}
 m - 3 scrolls of identify {unknown}
 n - a scroll of teleportation {unknown}
Potions
 h - a potion of might {unknown}
 i - a potion of heal wounds {unknown}
 j - a potion of curing {unknown}


   Skills:
 - Level 2.1 Fighting
 + Level 2.0 Short Blades
 - Level 2.0 Throwing
 + Level 0.8 Dodging
 + Level 5.0 Stealth


You couldn't memorise any spells.
You didn't know any spells.

Dungeon Overview and Level Annotations

Branches:
Dungeon (15/15)
 Temple: D:4-7         Lair: D:8-11         Orc: D:9-12      Vaults: D:13-14
 Depths: D:15

Altars:

Portals:
Trove: D:15 (give +8 demon whip)


Innate Abilities, Weirdness & Mutations

You cannot be hasted, slowed, berserked, paralysed or teleported.
You can dig through walls and to a lower floor.
Your four strong arms can wield two-handed weapons with a shield.
You have a pair of large antennae on your head. (SInv)


Message History

The centaur warrior simulacrum misses you.
There is a stone staircase leading up here.
The centaur warrior simulacrum closely misses you.
You climb upwards.
A wyvern skeleton comes into view.
Found 21 gold pieces.
There is a stone staircase leading down here.
You start resting.
You are starving!
You're too hungry to rest.
You now have 98 gold pieces (gained 21).
Found an iron wand.
You open the door.
There is an open door here. 3 skeletal warriors come into view.
A skeletal warrior is wielding a hand axe of venom.
You found a shaft!
The skeletal warrior hits you from afar with a trident!!
Ouch! That really hurt!
You die...

###### ../..#
.....###############
.....'.............#
.....#############.#
.....# #.# ..####
#.# #.# #####.## #.#
#zz@..^# #.#
#z###### #.. #{ # {
{


You could see 3 skeletal warriors.

Vanquished Creatures
  2 goblins (D:2)
2 creatures vanquished.

Notes
Turn   | Place    | Note
-------+----------+-------------------------------------------
     0 | D:1      | Minion the Formicid Assassin began the quest for the Orb.
     0 | D:1      | Reached XP level 1. HP: 16/16 MP: 1/1
     4 | D:1      | You fall through a shaft!
    15 | D:2      | Reached skill level 5 in Stealth
    32 | D:2      | You fall through a shaft for 2 floors!
   197 | D:4      | Noticed a worker ant
   200 | D:4      | You fall through a shaft!
   200 | D:5      | Entered Level 5 of the Dungeon
   214 | D:5      | You fall through a shaft for 3 floors!
   214 | D:8      | Noticed an ogre
   217 | D:8      | You fall through a shaft for 2 floors!
   217 | D:10     | Entered Level 10 of the Dungeon
   295 | D:10     | You fall through a shaft!
   298 | D:11     | You fall through a shaft for 2 floors!
   373 | D:13     | You fall through a shaft for 2 floors!
   373 | D:15     | Entered Level 15 of the Dungeon
   476 | D:15     | Found a portal to a secret trove of treasure.
   573 | D:15     | Noticed a centaur warrior simulacrum
   653 | D:14     | Noticed a skeletal warrior
   653 | D:14     | Noticed a skeletal warrior
   653 | D:14     | Noticed a skeletal warrior
   655 | D:14     | Demolished by a skeletal warrior

Skill      XL: |  1 |
---------------+----+-----
Stealth        | 5 |  5.0
Fighting       | |  2.1
Short Blades   | |  2.0
Throwing       | |  2.0
Dodging        | |  0.8

Action                   || total
-------------------------++-------
Melee: Dagger            ||     2
 Abil: Dig               ||    18
       Shaft Self        ||     8
 Stab: Sleeping          ||     2
  Eat: Bread ration      ||     1
Dodge: Dodged            ||     4
